General information
- name: BNet
- type: Ladder team game (AT/RT)
- host: Battle.net
- saver: GAME_OF-THRONES
map: Mur'gulOasis
- players: 8
- length: 40:09
- speed: Fast
- version: 1.26 W3XP
- replay type: Public
» download(230 KB)
Players
team 1 (winner)

»
PauseTheGameBRB (
teal | 38 APM | 1264 actions | 33:37)
4 Death Knight
2 Death Coil
2 Unholy Aura
1 Lich
1 Frost Nova
» actions
| Assign group hotkey | 29 | |
| Basic commands | 260 | |
| Build / train | 47 | |
| Enter build submenu | 13 | |
| Enter hero's abilities submenu | 5 | |
| Give item / drop item | 1 | |
| Right click | 387 | |
| Select / deselect | 266 | |
| Select group hotkey | 200 | |
| Use ability | 56 | |
1264 total
» units
| Acolyte | 9 | |
| Ghoul | 4 | |
| Crypt Fiend | 12 | |
| Chimaera | 1 | |
26 total
» upgrades
| Creature Attack | 2 | |
| Creature Carapace | 1 | |
| Burrow | 1 | |
| Web | 1 | |
5 total
» buildings
| Crypt | 1 | |
| Graveyard | 1 | |
| Ziggurat | 6 | |
| Altar of Darkness | 1 | |
| Tomb of Relics | 1 | |
| Halls of the Dead | 1 | |
| Nerubian Tower | 1 | |
| Spirit Tower | 3 | |
| Slaughterhouse | 1 | |
16 total
» build order
00:23 Crypt
00:41 Graveyard
00:45 Ziggurat
00:57 Altar of Darkness
01:18 Ziggurat
02:19 Tomb of Relics
03:12 Ziggurat
04:17 Halls of the Dead
06:08 Nerubian Tower
06:40 Spirit Tower
10:07 Ziggurat
12:16 Spirit Tower
12:59 Spirit Tower
14:29 Ziggurat
14:37 Slaughterhouse
14:44 Ziggurat
» items
| Rod of Necromancy | 2 | |
| Potion of Mana | 2 | |
4 total
GAME_OF-THRONES (
green | 65 APM | 2601 actions | 40:09)
6 Blademaster
3 Wind Walk
2 Critical Strike
1 Bladestorm
» actions
| Assign group hotkey | 77 | |
| Basic commands | 115 | |
| Build / train | 57 | |
| Enter build submenu | 22 | |
| Enter hero's abilities submenu | 6 | |
| Give item / drop item | 14 | |
| Remove unit from queue | 1 | |
| Right click | 1096 | |
| Select / deselect | 306 | |
| Select group hotkey | 762 | |
| Use ability | 145 | |
2601 total
» units
» upgrades
| Ranged Weapons | 2 | |
| Armor | 2 | |
| Reinforced Defenses | 1 | |
| Envenomed Spears | 1 | |
| Pillage | 1 | |
| Melee Weapons | 1 | |
8 total
» buildings
| Altar of Storms | 1 | |
| Orc Burrow | 7 | |
| Voodoo Lounge | 1 | |
| Stronghold | 1 | |
| War Mill | 1 | |
| Beastiary | 3 | |
| Fortress | 1 | |
| Great Hall | 2 | |
| Watch Tower | 31 | |
48 total
» build order
00:08 Altar of Storms
00:20 Orc Burrow
00:50 Voodoo Lounge
02:16 Stronghold
02:29 War Mill
02:43 Orc Burrow
02:43 Orc Burrow
02:44 Orc Burrow
04:40 Beastiary
04:40 Beastiary
07:51 Fortress
09:47 Beastiary
10:08 Orc Burrow
11:22 Orc Burrow
12:33 Great Hall
12:38 Watch Tower
12:39 Watch Tower
12:40 Watch Tower
12:40 Watch Tower
13:00 Orc Burrow
13:50 Watch Tower
13:50 Watch Tower
15:41 Great Hall
17:38 Watch Tower
17:39 Watch Tower
17:40 Watch Tower
17:40 Watch Tower
21:33 Watch Tower
21:33 Watch Tower
35:45 Watch Tower
35:46 Watch Tower
35:46 Watch Tower
36:48 Watch Tower
36:48 Watch Tower
36:48 Watch Tower
36:49 Watch Tower
36:50 Watch Tower
36:50 Watch Tower
36:51 Watch Tower
36:52 Watch Tower
36:52 Watch Tower
36:53 Watch Tower
36:53 Watch Tower
36:54 Watch Tower
37:47 Watch Tower
38:26 Watch Tower
38:26 Watch Tower
38:27 Watch Tower
» items
| Healing Salve | 3 | |
| Lesser Clarity Potion | 1 | |
| Staff of Teleportation | 1 | |
| Potion of Lesser Invulnerability | 1 | |
| Orb of Lightning | 1 | |
| Tiny Great Hall | 1 | |
| Scroll of Town Portal | 1 | |
9 total
ForsakenPaladin (
blue | 32 APM | 733 actions | 22:38)
5 Keeper of the Grove
1 Entangling Roots
3 Thorns Aura
1 Force of Nature
» actions
| Assign group hotkey | 12 | |
| Basic commands | 136 | |
| Build / train | 60 | |
| Enter build submenu | 21 | |
| Enter hero's abilities submenu | 6 | |
| Give item / drop item | 1 | |
| Right click | 202 | |
| Select / deselect | 206 | |
| Select group hotkey | 45 | |
| Use ability | 44 | |
733 total
» units
| Wisp | 15 | |
| Huntress | 14 | |
| Hippogryph | 7 | |
| Chimaera | 2 | |
38 total
» upgrades
| Strength of the Moon | 3 | |
| Moon Armor | 2 | |
| Upgrade Moon Glaive | 1 | |
| Strength of the Wild | 2 | |
| Reinforced Hides | 2 | |
| Corrosive Breath | 1 | |
11 total
» buildings
| Hunter's Hall | 2 | |
| Moon Well | 8 | |
| Ancient of War | 2 | |
| Altar of Elders | 1 | |
| Tree of Ages | 1 | |
| Ancient of Wonders | 1 | |
| Tree of Eternity | 1 | |
| Ancient of Wind | 3 | |
| Chimaera Roost | 3 | |
22 total
» build order
00:36 Hunter's Hall
00:54 Moon Well
01:37 Ancient of War
01:55 Moon Well
02:20 Altar of Elders
02:39 Ancient of War
02:58 Moon Well
06:07 Tree of Ages
07:44 Moon Well
08:54 Ancient of Wonders
10:00 Tree of Eternity
10:19 Moon Well
14:27 Ancient of Wind
14:30 Ancient of Wind
14:34 Hunter's Hall
14:57 Ancient of Wind
15:06 Moon Well
17:18 Chimaera Roost
17:20 Chimaera Roost
17:22 Chimaera Roost
19:26 Moon Well
19:30 Moon Well
» items

»
Dikfor (
red | 78 APM | 2056 actions | 26:13)
5 Priestess of the Moon
3 Trueshot Aura
2 Searing Arrows
3 Demon Hunter
2 Mana Burn
1 Immolation
» actions
| Basic commands | 2 | |
| Build / train | 86 | |
| Enter build submenu | 17 | |
| Enter hero's abilities submenu | 8 | |
| Right click | 1598 | |
| Select / deselect | 315 | |
| Use ability | 30 | |
2056 total
» units
| Wisp | 17 | |
| Archer | 19 | |
| Hippogryph | 12 | |
| Dryad | 5 | |
53 total
» upgrades
| Strength of the Moon | 3 | |
| Moon Armor | 2 | |
| Strength of the Wild | 2 | |
| Improved Bows | 1 | |
| Hippogryph Taming | 1 | |
| Reinforced Hides | 2 | |
| Abolish Magic | 1 | |
| Marksmanship | 1 | |
13 total
» buildings
| Moon Well | 7 | |
| Altar of Elders | 1 | |
| Ancient of War | 1 | |
| Ancient of Wonders | 1 | |
| Hunter's Hall | 1 | |
| Tree of Ages | 1 | |
| Ancient of Wind | 1 | |
| Ancient of Lore | 1 | |
| Tree of Life | 1 | |
| Tree of Eternity | 1 | |
| Chimaera Roost | 1 | |
17 total
» build order
00:13 Moon Well
00:26 Altar of Elders
00:49 Ancient of War
01:50 Ancient of Wonders
01:56 Moon Well
02:48 Moon Well
03:04 Moon Well
03:23 Hunter's Hall
05:54 Tree of Ages
07:06 Moon Well
09:13 Ancient of Wind
09:20 Ancient of Lore
10:38 Moon Well
11:37 Moon Well
13:48 Tree of Life
14:37 Tree of Eternity
19:37 Chimaera Roost
» items
team 2 (loser)
NlGGAGODBLESSU (
yellow | 58 APM | 749 actions | 12:48)
3 Keeper of the Grove
2 Force of Nature
1 Entangling Roots
» actions
| Assign group hotkey | 13 | |
| Basic commands | 7 | |
| Build / train | 28 | |
| ESC pressed | 4 | |
| Enter build submenu | 26 | |
| Enter hero's abilities submenu | 3 | |
| Right click | 257 | |
| Select / deselect | 206 | |
| Select group hotkey | 160 | |
| Use ability | 45 | |
749 total
» units
» upgrades
» buildings
| Altar of Elders | 2 | |
| Moon Well | 13 | |
| Ancient of War | 1 | |
| Tree of Ages | 1 | |
| Hunter's Hall | 1 | |
| Ancient of Wind | 1 | |
| Ancient of Wonders | 1 | |
| Tree of Eternity | 1 | |
21 total
» build order
00:06 Altar of Elders
00:13 Moon Well
00:24 Ancient of War
01:39 Moon Well
02:00 Moon Well
02:40 Moon Well
03:22 Tree of Ages
03:53 Hunter's Hall
04:52 Moon Well
05:26 Moon Well
06:06 Moon Well
07:51 Moon Well
08:43 Moon Well
08:51 Altar of Elders
09:14 Moon Well
09:39 Ancient of Wind
10:10 Moon Well
10:20 Ancient of Wonders
10:24 Tree of Eternity
10:36 Moon Well
10:44 Moon Well
871736461835472 (
orange | 88 APM | 3529 actions | 40:04)
9 Mountain King
3 Storm Bolt
2 Thunder Clap
1 Avatar
3 Bash
» actions
| Assign group hotkey | 166 | |
| Basic commands | 258 | |
| Build / train | 153 | |
| ESC pressed | 13 | |
| Enter build submenu | 43 | |
| Enter hero's abilities submenu | 9 | |
| Give item / drop item | 11 | |
| Right click | 1335 | |
| Select / deselect | 383 | |
| Select group hotkey | 921 | |
| Use ability | 237 | |
3529 total
» units
| Peasant | 20 | |
| Footman | 10 | |
| Gryphon Rider | 9 | |
39 total
» upgrades
| Masonry | 3 | |
| Defend | 1 | |
| Swords | 3 | |
| Animal War Training | 1 | |
| Armor | 3 | |
| Storm Hammers | 1 | |
| Lumber Harvesting | 1 | |
| Gunpowder | 1 | |
14 total
» buildings
| Altar of Kings | 1 | |
| Barracks | 1 | |
| Farm | 7 | |
| Arcane Vault | 1 | |
| Lumber Mill | 1 | |
| Scout Tower | 27 | |
| Guard Tower | 30 | |
| Keep | 2 | |
| Castle | 5 | |
| Gryphon Aviary | 2 | |
| Blacksmith | 1 | |
| Town Hall | 3 | |
81 total
» build order
00:45 Altar of Kings
00:49 Barracks
00:52 Farm
01:06 Farm
01:30 Farm
02:06 Arcane Vault
02:52 Farm
03:13 Lumber Mill
04:19 Scout Tower
04:19 Scout Tower
04:52 Guard Tower
04:52 Guard Tower
04:53 Guard Tower
06:01 Keep
06:01 Keep
07:24 Scout Tower
07:25 Scout Tower
07:29 Scout Tower
07:31 Scout Tower
08:02 Guard Tower
08:07 Guard Tower
09:28 Castle
09:28 Castle
09:29 Castle
09:31 Gryphon Aviary
09:33 Gryphon Aviary
10:25 Blacksmith
10:28 Scout Tower
11:25 Guard Tower
12:41 Farm
12:43 Farm
12:44 Farm
14:56 Scout Tower
14:57 Scout Tower
14:59 Scout Tower
15:00 Scout Tower
15:05 Scout Tower
15:36 Guard Tower
18:04 Scout Tower
18:06 Scout Tower
19:18 Guard Tower
19:18 Guard Tower
19:19 Guard Tower
20:18 Town Hall
20:19 Scout Tower
20:20 Scout Tower
20:21 Scout Tower
20:22 Scout Tower
20:23 Scout Tower
20:23 Scout Tower
20:24 Scout Tower
20:25 Scout Tower
20:26 Scout Tower
20:56 Guard Tower
20:56 Guard Tower
21:22 Guard Tower
21:23 Guard Tower
21:23 Guard Tower
23:02 Town Hall
26:15 Scout Tower
26:16 Scout Tower
26:17 Scout Tower
26:20 Scout Tower
26:50 Guard Tower
26:50 Guard Tower
26:51 Guard Tower
27:43 Guard Tower
29:55 Guard Tower
29:55 Guard Tower
29:55 Guard Tower
38:03 Town Hall
» items
| Boots of Speed | 1 | |
| Staff of Teleportation | 1 | |
| Scroll of Regeneration | 7 | |
| Mechanical Critter | 2 | |
| Scroll of Town Portal | 4 | |
| Lesser Clarity Potion | 3 | |
| Dust of Appearance | 1 | |
| Scroll of Healing | 1 | |
20 total

»
Heat3Peat (
pink | 13 APM | 508 actions | 40:04)
2 Mountain King
1 Storm Bolt
1 Bash
» actions
| Assign group hotkey | 24 | |
| Basic commands | 30 | |
| Build / train | 43 | |
| Enter build submenu | 18 | |
| Enter hero's abilities submenu | 2 | |
| Right click | 108 | |
| Select / deselect | 168 | |
| Select group hotkey | 82 | |
| Use ability | 32 | |
508 total
» units
| Peasant | 9 | |
| Footman | 13 | |
| Knight | 6 | |
| Gryphon Rider | 4 | |
32 total
» upgrades
| Swords | 1 | |
| Storm Hammers | 1 | |
| Animal War Training | 1 | |
3 total
» buildings
| Farm | 10 | |
| Altar of Kings | 1 | |
| Barracks | 2 | |
| Lumber Mill | 1 | |
| Blacksmith | 1 | |
| Arcane Vault | 1 | |
| Keep | 1 | |
| Scout Tower | 3 | |
| Arcane Tower | 3 | |
| Castle | 1 | |
| Gryphon Aviary | 2 | |
26 total
» build order
01:03 Farm
01:04 Farm
01:04 Farm
01:21 Altar of Kings
01:30 Barracks
01:45 Lumber Mill
01:59 Blacksmith
02:18 Arcane Vault
02:44 Farm
03:09 Farm
04:07 Keep
04:21 Farm
04:28 Farm
04:43 Scout Tower
04:51 Scout Tower
04:58 Scout Tower
05:16 Arcane Tower
05:19 Arcane Tower
05:27 Arcane Tower
07:34 Castle
09:39 Gryphon Aviary
09:45 Gryphon Aviary
09:53 Barracks
10:40 Farm
10:42 Farm
10:43 Farm

»
HitSomeOne (
purple | 59 APM | 2347 actions | 40:04)
5 Paladin
3 Holy Light
2 Divine Shield
» actions
| Assign group hotkey | 53 | |
| Basic commands | 6 | |
| Build / train | 77 | |
| Enter build submenu | 22 | |
| Enter hero's abilities submenu | 5 | |
| Remove unit from queue | 4 | |
| Right click | 1603 | |
| Select / deselect | 417 | |
| Select group hotkey | 120 | |
| Use ability | 40 | |
2347 total
» units
| Peasant | 12 | |
| Rifleman | 22 | |
| Priest | 7 | |
| Mortar Team | 6 | |
| Sorceress | 1 | |
| Siege Engine | 5 | |
53 total
» upgrades
| Gunpowder | 3 | |
| Long Rifles | 1 | |
| Fragmentation Shards | 1 | |
| Armor | 2 | |
| Priest Training | 1 | |
| Barrage | 1 | |
9 total
» buildings
| Altar of Kings | 2 | |
| Farm | 12 | |
| Barracks | 1 | |
| Blacksmith | 1 | |
| Lumber Mill | 1 | |
| Keep | 1 | |
| Arcane Sanctum | 1 | |
| Workshop | 1 | |
| Castle | 1 | |
| Town Hall | 1 | |
| Scout Tower | 1 | |
| Guard Tower | 2 | |
25 total
» build order
00:12 Altar of Kings
00:19 Farm
01:03 Barracks
01:28 Blacksmith
01:51 Lumber Mill
02:11 Farm
02:52 Farm
02:55 Farm
03:40 Keep
07:10 Arcane Sanctum
07:54 Farm
08:36 Workshop
08:40 Farm
09:26 Farm
09:57 Farm
13:06 Castle
21:18 Town Hall
23:07 Scout Tower
23:32 Farm
23:45 Guard Tower
23:45 Guard Tower
26:17 Farm
30:29 Altar of Kings
31:00 Farm
32:52 Farm
» items
Chat log
(00:14 / Allies) PauseTheGameBRB: Rush
(00:15 / Allies) ForsakenPaladin: rush?>
(00:28 / Allies) GAME_OF-THRONES: hit htere if we rush
(00:33 / Allies) GAME_OF-THRONES: rihgt side is bad
(00:35 / Allies) GAME_OF-THRONES: i can sense it
(00:43 / Allies) ForsakenPaladin: I'll get hunts for rush
(00:46 / Allies) ForsakenPaladin: kotg
(00:54 / Allies) Dikfor: ill get faggot archers
(01:15 / Allies) ForsakenPaladin: bi archers are better
(01:28 / Allies) Dikfor: takes too long to tech tho
(01:31 / Allies) ForsakenPaladin: lol
(01:42 / Allies) GAME_OF-THRONES: scout
(04:14 / Allies) ForsakenPaladin: ready
(04:48 / Allies) GAME_OF-THRONES: hit yellow
(04:55 / Allies) GAME_OF-THRONES: he is vulnerable
(06:34 / All) 871736461835472: shit undead
(06:35 / Allies) PauseTheGameBRB: wow
(06:39 / Allies) GAME_OF-THRONES: stfu teal
(06:43 / Allies) GAME_OF-THRONES: i said not right side
(06:47 / Allies) GAME_OF-THRONES: dumb nigger
(09:45 / Allies) ForsakenPaladin: lets go again red
(09:59 / Allies) Dikfor: k
(10:42 / Allies) ForsakenPaladin: come
(11:57 / Allies) Dikfor: alter
(12:06 / Allies) ForsakenPaladin: kill for xp
(12:06 / Allies) Dikfor: k
(12:31 / All) 871736461835472: HOLY SHIT STOP LAGGING UPGRADE YOUR INTERNET
(12:40 / Allies) ForsakenPaladin: sorry wireless
(12:42 / All) NlGGAGODBLESSU: gg
(12:43 / All) GAME_OF-THRONES: well said
(13:07 / All) 871736461835472: pink tk
(13:08 / All) 871736461835472: pink tk
(13:35 / All) 871736461835472: Pink is a shit tker too
(13:37 / All) 871736461835472: Can't kill 1 unit
(14:28 / Allies) GAME_OF-THRONES: get siege for oj towers
(15:23 / Allies) PauseTheGameBRB: tk
(15:24 / Allies) PauseTheGameBRB: ?
(15:27 / Allies) PauseTheGameBRB: reall
(15:33 / All) 871736461835472: LOL
(15:34 / Allies) GAME_OF-THRONES: teal tked my wyverns
(16:10 / Allies) GAME_OF-THRONES: idiot hacker
(16:10 / Allies) GAME_OF-THRONES: teal
(16:15 / Allies) PauseTheGameBRB: stfu
(16:16 / Allies) PauseTheGameBRB: fag
(16:20 / Allies) GAME_OF-THRONES: DIDNT I SAY
(16:22 / Allies) GAME_OF-THRONES: NOT RIGHT SIDE
(16:23 / Allies) PauseTheGameBRB: go suck ur dads dick
(16:23 / Allies) GAME_OF-THRONES: dumb asian
(16:26 / Allies) GAME_OF-THRONES: fuck u nigga
(16:28 / All) 871736461835472: You can leave teal
(16:29 / Allies) GAME_OF-THRONES: i said left side
(16:30 / Allies) GAME_OF-THRONES: not right
(16:36 / Allies) PauseTheGameBRB: so
(16:42 / Allies) GAME_OF-THRONES: u do as i say
(16:44 / Allies) PauseTheGameBRB: go suck ur dads duck
(16:45 / Allies) GAME_OF-THRONES: is that clear peasant boy
(16:46 / Allies) PauseTheGameBRB: dick
(16:49 / Allies) Dikfor: good thing i got gay archers
(16:49 / Allies) GAME_OF-THRONES: bastard child
(16:54 / Allies) PauseTheGameBRB: ill own u irl
(16:55 / Allies) PauseTheGameBRB: noob
(16:57 / Allies) PauseTheGameBRB: rofl
(17:01 / Allies) PauseTheGameBRB: no friends
(17:01 / Allies) GAME_OF-THRONES: lawl
(17:07 / Allies) PauseTheGameBRB: ur mom hates u
(17:08 / Allies) PauseTheGameBRB: dont she
(17:09 / All) GAME_OF-THRONES: teal is using the "my life is better than urs " card
(17:10 / Allies) PauseTheGameBRB: yes
(17:18 / All) 871736461835472: '
(17:24 / All) PauseTheGameBRB: cause green has no friends
(17:30 / All) PauseTheGameBRB: internet bully
(17:38 / All) 871736461835472: Thanks for finishing pink for me
(17:48 / All) 871736461835472: He's fit to only be ground up and put in the soil as manure
(17:57 / All) Heat3Peat: go kill oj, he sucked dick all game
(17:57 / All) 871736461835472: I call people shit too much, but he's even too good for that
(18:03 / Allies) Dikfor: FUK U OJ
(18:09 / All) 871736461835472: says the guy who cant tk if he wanted to lol
(18:18 / All) GAME_OF-THRONES: teal is a dumb hacker i swear
(18:32 / All) PauseTheGameBRB: ill hack ur moms pussy
(18:38 / All) Heat3Peat: lol
(18:41 / All) PauseTheGameBRB: stupid internet nerd
(18:47 / All) 871736461835472: did you come up with that one yourself
(18:51 / All) PauseTheGameBRB: on a video game
(18:55 / All) PauseTheGameBRB: really kid
(18:59 / All) PauseTheGameBRB: this what gets u off
(19:04 / All) PauseTheGameBRB: tk on a 12 yr old game
(19:07 / All) PauseTheGameBRB: sad
(19:08 / All) 871736461835472: yes I masturbate to conquering you too
(19:10 / All) 871736461835472: it's normal
(19:18 / All) PauseTheGameBRB: stfu oj
(19:21 / All) PauseTheGameBRB: u got owned
(19:26 / All) 871736461835472: I raped you lol
(19:29 / All) PauseTheGameBRB: took green to tk
(19:35 / All) PauseTheGameBRB: for u to get to me
(20:00 / Allies) PauseTheGameBRB: red
(20:04 / Allies) PauseTheGameBRB: he tk u
(20:07 / Allies) GAME_OF-THRONES: stfu
(20:08 / Allies) GAME_OF-THRONES: idiot
(20:08 / All) 871736461835472: Teal just admit you got a swift rape
(20:12 / Allies) GAME_OF-THRONES: i tked teal cuz he hacked
(20:12 / All) 871736461835472: You were taking it from two sides
(20:15 / Allies) PauseTheGameBRB: STFU FAG
(20:16 / All) Heat3Peat: damn, did i say that out loud
(20:17 / Allies) PauseTheGameBRB: BOY
(20:19 / All) Heat3Peat: sorry
(20:23 / Allies) Dikfor: i didnt do aything
(20:27 / Allies) PauseTheGameBRB: ITS CALLED SKILL NOOB
(20:42 / Allies) PauseTheGameBRB: ROFL
(20:44 / Allies) PauseTheGameBRB: LOOK
(20:44 / Allies) PauseTheGameBRB: RED
(20:46 / Allies) PauseTheGameBRB: TOLD U
(20:50 / Allies) PauseTheGameBRB: BLUE
(20:54 / Allies) PauseTheGameBRB: KILL GREEN NOW
(21:32 / Allies) PauseTheGameBRB: BLUE
(21:38 / Allies) PauseTheGameBRB: WAKE THE FUCK UP NERD
(21:52 / Allies) PauseTheGameBRB: GO
(21:54 / Allies) PauseTheGameBRB: KILL NOW
(21:56 / Allies) GAME_OF-THRONES: faggot wireless
(21:56 / All) 871736461835472: holy fuck
(22:19 / All) 871736461835472: moonwells are retarded
(22:33 / Allies) GAME_OF-THRONES: nice plan blue
(22:46 / All) GAME_OF-THRONES: ;eave teal lol
(22:48 / All) Heat3Peat: u guys suck
(23:17 / All) 871736461835472: "u guys suck" says the clown who got himself killed by both enemies and allies with one of the worst tks ever
(23:41 / All) 871736461835472: Pink you are the bottom of the Battle.net pus-filled barrel
(23:50 / All) 871736461835472: You are a stay on my boots
(23:50 / All) GAME_OF-THRONES: teal is sweating
(23:52 / All) GAME_OF-THRONES: this up
(24:10 / All) GAME_OF-THRONES: oh and i have a tiny hall
(24:26 / All) 871736461835472: take pink's old base, better in your hands than his
(24:40 / All) 871736461835472: But then if you don't I wouldn't blame you, I wouldn't want to touch a retard's former property either
(24:58 / All) 871736461835472: CH-CH-CH-CHIMBOT!
(25:23 / All) GAME_OF-THRONES: blue certainly
(25:26 / All) GAME_OF-THRONES: didnt play his cards right
(25:29 / All) GAME_OF-THRONES: he could have pulled itoff
(25:38 / All) GAME_OF-THRONES: he had to work with red
(25:53 / All) GAME_OF-THRONES: teal was a retard i told him to hit left side
(26:01 / All) Dikfor: that was a lot of fun
(26:02 / All) 871736461835472: Thanks for the free hero, dumbass noob elf
(26:08 / All) Dikfor: yall keep it real
(26:11 / All) PauseTheGameBRB: STFU GREEN
(26:16 / All) PauseTheGameBRB: GOTTA COPY EVERY1
(26:17 / All) GAME_OF-THRONES: teal mad lol
(26:20 / All) PauseTheGameBRB: CANT BE ORIGINAL
(26:26 / All) GAME_OF-THRONES: teal said his life is better than mine
(26:27 / All) PauseTheGameBRB: FUCKING FOLLOWER
(26:28 / All) GAME_OF-THRONES: yea right
(26:30 / All) PauseTheGameBRB: ROFL
(26:31 / All) PauseTheGameBRB: I AM
(26:41 / All) PauseTheGameBRB: ID OWN U LIKE UR DADDY OWNED UR ASS HOLE
(26:45 / All) GAME_OF-THRONES: bro, my girl is hotter than ur imaginery one
(27:00 / All) PauseTheGameBRB: UR RABBIT SKIN ISNT A GF
(27:02 / All) 871736461835472: Is pink a millionaire with a hot girlfriend?
(27:02 / All) PauseTheGameBRB: IDIOT
(27:02 / All) GAME_OF-THRONES: my girl does what i want when iw ant
(27:10 / All) PauseTheGameBRB: U HAVE NO GIRL
(27:23 / All) GAME_OF-THRONES: give me ur skype info and u can talk to her
(27:25 / All) PauseTheGameBRB: AND CAUSE U PEEP AT THE NEIGHBORS 12 YEAR OLD GIRL
(27:25 / All) Heat3Peat: no, thousandnaire with a solid 8...
(27:28 / All) PauseTheGameBRB: DOESNT MAKE HER UR GF
(27:54 / All) GAME_OF-THRONES: teal def sounds pissed
(28:04 / All) PauseTheGameBRB: I AINT PISSED NOOB
(28:06 / All) PauseTheGameBRB: ROFL
(28:08 / All) PauseTheGameBRB: ITS A GAME
(28:09 / All) GAME_OF-THRONES: too bad, at the start i wanted pink to lose cuz basketball is for retards
(28:36 / All) Heat3Peat: u must have not made the team then... Waterboy
(28:54 / All) PauseTheGameBRB: GREEN IS FUCKING 400 LBS
(28:58 / All) GAME_OF-THRONES: basketball is a nigger sport made up of high school thugs
(29:01 / All) PauseTheGameBRB: HE CANT MOVE
(29:04 / All) Heat3Peat: its ok to b a loser, women like that now adays
(29:05 / All) PauseTheGameBRB: FUCKING LARD ASS
(29:09 / All) GAME_OF-THRONES: my highest weight is 370, im 215 now
(29:14 / All) 871736461835472: Better than your 700 lbs, I bet you need a forklift to get around and have special shit installed in your house for movement
(29:16 / All) PauseTheGameBRB: LIKE I SAID
(29:18 / All) PauseTheGameBRB: LARD ASS
(29:18 / All) 871736461835472: and crush even the scooters
(29:25 / All) PauseTheGameBRB: GO EAT A JELLY DONUT
(29:39 / All) GAME_OF-THRONES: teals life does sound like hes a winner, doesnt it
(29:39 / All) 871736461835472: I bet you're a skeleton and appear like an auschwitz survivor teal
(29:55 / All) GAME_OF-THRONES: hes in an hour long game, with no units for 30 min of it, and does nothing but whine
(29:57 / All) PauseTheGameBRB: YOU COULD ONLY DREAM OF A LIFE LIKE MINE
(30:01 / All) GAME_OF-THRONES: he was yelling in all caps for red and blue to tk me
(30:09 / All) 871736461835472: Yeah I only could dream of a life as shit as yours teal
(30:20 / All) PauseTheGameBRB: ROFL
(30:32 / All) PauseTheGameBRB: UR THE ONE WHO HAS TO HAVE FRIENDS MATCH UP AND TK
(30:34 / All) PauseTheGameBRB: TO GET A WIN
(30:36 / All) 871736461835472: I doubt you have the energy whether from undereating or overeating to roll on the floor laughing
(30:40 / All) PauseTheGameBRB: DEPRESSING
(30:46 / All) GAME_OF-THRONES: wut do u mean by not being original? people rarely do this
(30:58 / All) PauseTheGameBRB: ROFL
(31:00 / All) PauseTheGameBRB: OK
(31:02 / All) PauseTheGameBRB: COPY
(31:08 / All) PauseTheGameBRB: NO SKILL NO LIFE
(31:11 / All) PauseTheGameBRB: LOSER
(31:15 / All) PauseTheGameBRB: DADDY RAPES U
(31:22 / All) PauseTheGameBRB: KIDS POKE FUN AT U
(31:32 / All) GAME_OF-THRONES: he sounds pretty furious right now
(31:32 / All) PauseTheGameBRB: BET UR FACE LOOKS LIKE A PIZZA
(31:38 / All) 871736461835472: He does
(31:45 / All) 871736461835472: he's mashing his fingers on the keyboard with tears streaming down
(31:48 / All) PauseTheGameBRB: I BET U RAGE QUIT IN REAL LIFE
(31:55 / All) 871736461835472: WHY COULDN'T I BEAT THESE CYBER BULLIES IN WARCRAFT III!!!!!!!!!!
(32:23 / All) GAME_OF-THRONES: and my mom loves me, just like my woman does
(32:26 / All) GAME_OF-THRONES: all women in my life love me
(32:27 / All) 871736461835472: Green you hear that? Purple says we are the same clan
(32:37 / All) GAME_OF-THRONES: yes purple we're in the same clan
(32:45 / All) GAME_OF-THRONES: its called, clan "you're a dumbass"
(33:20 / All) 871736461835472: I bet pink and purple's faces are pink and purple from all the rage LOL!
(33:53 / All) Heat3Peat: sorry, what, i didnt get that, i wasnt paying attension
(33:56 / All) GAME_OF-THRONES: it seems like they lose
(34:03 / All) 871736461835472: press f12 and see the chat then you piece of shit
(34:39 / All) 871736461835472: Almost forgot the purple whore's farms, he had a paladin halfway done too
(35:05 / All) GAME_OF-THRONES: i almost forgout about my expos
(35:08 / All) GAME_OF-THRONES: pink are u here
(35:16 / All) 871736461835472: get some towers so killing my stuff is easier
(35:22 / All) GAME_OF-THRONES: ur not a miami heat fan, ur a bandwagoner
(35:31 / All) GAME_OF-THRONES: nobody ever said they liked the heat before 2 yrs ago
(35:43 / All) 871736461835472: I don't think he likes being in a heated fite, he sure didn't this game
(36:30 / All) GAME_OF-THRONES: no fair
(36:31 / All) 871736461835472: wtf lol
(36:34 / All) 871736461835472: I didn't expect to get that
(36:48 / All) 871736461835472: I thought for sure it would get the gryphon and live
(37:12 / All) GAME_OF-THRONES: no standoff my team all left
(37:18 / All) 871736461835472: oh
(37:20 / All) 871736461835472: they did?
(37:25 / All) 871736461835472: I thought pink was the undead for some reason
(37:33 / All) GAME_OF-THRONES: unless there is a 5th player i dont know about
(37:49 / All) 871736461835472: lol
(37:53 / All) Heat3Peat: its the one arm man
(37:55 / All) 871736461835472: i was shit talking some of the wrong players this game
(38:09 / All) GAME_OF-THRONES: 1 arm man?
(38:16 / All) GAME_OF-THRONES: jaimie lanester?
(39:30 / All) GAME_OF-THRONES: is pink and purple talking
(39:39 / All) 871736461835472: Any last words?
(39:41 / All) 871736461835472: no
(39:49 / All) 871736461835472: ANY LAST WORDS?!?!?!?!?!?!?!!
(39:57 / All) Heat3Peat: your mom sucks dick in hell
(40:01 / All) GAME_OF-THRONES: lawl
(40:02 / All) 871736461835472: lol